 Dungeon Sprint DCSS version 0.17-a0-2007-g96ac4c4 (webtiles) character file.

257 Ordine the Thaumaturge (level 5, -2/28 HPs)
             Began as a Deep Elf Conjurer on Oct 9, 2015.
             Slain by a crocodile (14 damage)
             ... in the Dungeon (Sprint II: "The Violet Keep of Menkaure").
             The game lasted 00:02:23 (264 turns).

Ordine the Thaumaturge (Deep Elf Conjurer)           Turns: 264, Time: 00:02:23

Health: -2/28      AC:  2    Str:  5      XL:     5   Next: 93%
Magic:  14/23      EV: 13    Int: 19 (21) God:
Gold:   243        SH:  0    Dex: 15      Spells: 1 memorised, 30 levels left

rFire  . . .     SeeInvis .     (no weapon)
rCold  . . .     Clarity  .     a - +0 robe
rNeg   . . .     SustAt   .     (no shield)
rPois  .         Gourm    .     (no helmet)
rElec  .         Spirit   .     (no cloak)
rCorr  .         Warding  .     (no gloves)
rMut   .         NoTele   +     (no boots)
MR     .....                    (no amulet)
Stlth  ++........               (no ring)
                                (no ring)

@: not resistant to hostile enchantments, unstealthy
A: no striking features
a: no special abilities


You were in the Dungeon.
You were not hungry.

You visited 1 branch You collected 243 gold pieces.

Inventory:

Armour
 a - a +0 robe (worn)
Scrolls
 i - a scroll of blinking
Potions
 d - a potion of curing
 e - a potion of heal wounds
 f - a potion of haste
 g - a potion of magic
Books
 b - a book of Conjurations

   Spells                             Type                      Level
   a - Magic Dart                     Conjuration                  1
   b - Searing Ray                    Conjuration                  2
   c - Dazzling Spray                 Conjuration/Hexes            3
   d - Fulminant Prism                Conjuration/Hexes            4
   e - Iskenderun's Mystic Blast      Conjuration                  4
   f - Iskenderun's Battlesphere      Conjuration/Charms           5
Comestibles
 c - a bread ration


   Skills:
 - Level 2.4 Dodging
 - Level 2.4 Stealth
 * Level 13.9 Spellcasting
 + Level 7.5 Conjurations


You had 30 spell levels left.
You knew the following spells:

 Your Spells              Type           Power        Failure   Level  Hunger
a - Magic Dart            Conj           ####         1%          1    None


Dungeon Overview and Level Annotations

Branches:
Dungeon (1/1)

Altars:

Annotations:
D exclusion: Roxanne, Roxanne


Message History

The crocodile is heavily wounded.
The crocodile bites you but does no damage.
Casting: Magic Dart
Confirm with . or Enter, or press ? or * to list all spells.
Aiming: Magic Dart
Press: ? - help, Shift-Dir - straight line, f/p - crocodile
Aim: a crocodile (heavily wounded)
The magic dart hits the crocodile.
The crocodile is severely wounded.
The crocodile misses you.
Casting: Magic Dart
Confirm with . or Enter, or press ? or * to list all spells.
Aiming: Magic Dart
Press: ? - help, Shift-Dir - straight line, f/p - crocodile
Aim: a crocodile (severely wounded)
The magic dart hits the crocodile.
The crocodile is almost dead.
The crocodile bites you!
Ouch! That really hurt!
You die...

####+####
##≈§§§§§≈##
≈§§§§§≈≈.
§≈§8≈≈≈ §§§≈≈
≈≈≈
#≈≈#+++#+++##
≈≈≈...t@....#
≈≈≈≈.##'##..#
≈≈≈ ##†..## #
≈ #.##..#
##.#### ##'#
##.## +.<.+
##.##


You could see Roxanne and a crocodile.

Vanquished Creatures
  4 brain worms (D)
4 creatures vanquished.

Vanquished Creatures (others)
  Menkaure (D)
1 creature vanquished.

Grand Total: 5 creatures vanquished

Notes
Turn   | Place    | Note
--------------------------------------------------------------
     0 | D        | Ordine the Deep Elf Conjurer began the quest for the Orb.
     0 | D        | Reached XP level 1. HP: 10/10 MP: 6/6
     1 | D        | Noticed a brain worm
     8 | D        | Killed a brain worm
     8 | D        | Reached skill level 10 in Spellcasting
     8 | D        | Reached XP level 2. HP: 15/15 MP: 4/15
     8 | D        | Reached XP level 3. HP: 19/19 MP: 4/16
     9 | D        | Noticed a brain worm
    12 | D        | Killed Menkaure
    22 | D        | Killed a brain worm
    22 | D        | Reached skill level 12 in Spellcasting
    22 | D        | Reached skill level 5 in Conjurations
    22 | D        | Reached XP level 4. HP: 17/24 MP: 14/20
    48 | D        | Noticed a brain worm
    48 | D        | Noticed a brain worm
    51 | D        | Noticed Roxanne
    57 | D        | Killed a brain worm
    57 | D        | Reached skill level 13 in Spellcasting
    57 | D        | Reached XP level 5. HP: 16/28 MP: 14/22
    63 | D        | Killed a brain worm
   254 | D        | Noticed a crocodile
   264 | D        | Slain by a crocodile

Vault maps used:
D:        the_violet_keep_of_menkaure

Action                   |  1- 3 |  4- 6 || total
-------------------------+-------+-------++-------
Melee: Unarmed           |     2 |       ||     2
 Cast: Magic Dart        |    10 |    24 ||    34
  Use: Potion            |     2 |       ||     2
